 Dungeon Crawl Stone Soup version 0.24.1-14-gf8d2b509d9 (webtiles) character file.

Game seed: 5383880576270813986, levelgen mode: deterministic

42 Hugehornet the Sneak (level 3, 0/21 HPs)
             Began as an Octopode Enchanter on May 19, 2020.
             Succumbed to an adder's poison
             ... on level 1 of the Dungeon.
             The game lasted 00:03:00 (1407 turns).

Hugehornet the Sneak (Octopode Enchanter)           Turns: 1407, Time: 00:03:01

Health: 0/21       AC:  1    Str:  7    XL:     3   Next: 56%
Magic:  6/6        EV: 13    Int: 18    God:
Gold:   57         SH:  4    Dex: 12    Spells: 3/6 levels left

rFire    . . .     SeeInvis +   a - +1 dagger
rCold    . . .     Gourm    .   e - +0 buckler (curse)
rNeg     . . .     Faith    .   (helmet restricted)
rPois    .         Spirit   .   (no amulet)
rElec    .         Reflect  .   f - ring of see invisible
rCorr    .         Harm     .   (no ring)
MR       .....                  (no ring)
Stlth    ++++......             (no ring)
HPRegen  0.07/turn              (no ring)
MPRegen  0.10/turn              (no ring)
                                (no ring)
                                (no ring)

@: lethally poisoned (0 -> -2), berserk cooldown, slowed, very slow
A: almost no armour, stealthy swim, amphibious, 8 rings, constrict 8, camouflage
1, gelatinous body 1
a: no special abilities


You were on level 1 of the Dungeon.
You were not hungry.

You visited 1 branch of the dungeon, and saw 2 of its levels.

You collected 57 gold pieces.

Inventory:

Hand Weapons
 a - a +1 dagger (weapon)
Armour
 e - a cursed +0 buckler (worn)
Jewellery
 f - a ring of see invisible (left tentacle)
Scrolls
 b - a scroll of teleportation {unknown}
Comestibles
 c - 4 rations


   Skills:
 - Level 1.0 Short Blades
 - Level 2.0 Dodging
 - Level 5.2 Stealth
 * Level 1.3 Shields
 - Level 2.4 Spellcasting
 - Level 3.0 Hexes


You had 3 spell levels left.
You knew the following spells:

 Your Spells              Type           Power        Failure   Level  Hunger
a - Corona                Hex            ##.....      7%          1    #......
b - Ensorcelled Hibernat  Hex/Ice        #.....       21%         2    ##.....

Your spell library contained the following spells:

 Spells                   Type           Power        Failure   Level  Hunger
 Confuse                  Hex            ##......     22%         3    ###....
 Tukima's Dance           Hex            ##......     22%         3    ###....
 Dazzling Spray           Conj/Hex       #.....       36%         3    ###....


Dungeon Overview and Level Annotations

Branches:
Dungeon (2/15)

Altars:


Innate Abilities, Weirdness & Mutations

You cannot wear most types of armour.
You are very stealthy in the water. (Stealth+)
You are amphibious.
You can wear up to eight rings at the same time.
You can use your tentacles to constrict eight enemies at once.
Your skin changes colour to match your surroundings (Stealth+).
Your rubbery body absorbs attacks. (AC +1, EV +1)


Message History

You feel sick.
You climb upwards.
* * * LOW HITPOINT WARNING * * *
You feel sick.
There is a stone staircase leading down here.
A red film seems to cover your vision as you go berserk!
You feel yourself moving faster!
You feel mighty!
You feel sick.
You feel a strong urge to attack something.
You feel your anger nearly subside.
You are no longer berserk.
You pass out from exhaustion.
You feel yourself slow down.
* * * LOW HITPOINT WARNING * * *
You feel sick.
You can move again.
* * * LOW HITPOINT WARNING * * *
You feel sick.
* * * LOW HITPOINT WARNING * * *
You feel sick.
You die...

#.#.#######.........#
#.#.# #.#######.#
#.#.# #.......#.#
#.#.#############.#.#
............# #.#.#
....#######.## #.#.#
#.#########..## #.#.#
#.............###.#.#
...#######......@...#
####≈≈≈≈≈###..##..###
#8........###.##..#
........<..##.....#
#8........###.##..#
####≈≈≈≈≈###[.##..#
############..##..#
......#.###...##..#
#####.#.....#.##..#


There were no monsters in sight!

Vanquished Creatures
  An adder (D:2)
  2 dart slugs (D:1)
  A leopard gecko (D:1)
  3 giant cockroaches (D:1)
  4 goblins (D:1)
  3 hobgoblins (D:1)
  2 jackals (D:1)
  2 bats (D:1)
  2 frilled lizards (D:1)
  2 kobolds (D:1)
  5 rats (D:1)
27 creatures vanquished.

Notes
Turn   | Place    | Note
-------+----------+-------------------------------------------
     0 | D:1      | Hugehornet the Octopode Enchanter began the quest for the
                  | Orb.
     0 | D:1      | Reached XP level 1. HP: 11/11 MP: 3/3
   179 | D:1      | Reached XP level 2. HP: 9/17 MP: 5/5
   536 | D:1      | Reached skill level 5 in Stealth
   792 | D:1      | Reached XP level 3. HP: 21/21 MP: 6/6
   822 | D:1      | Learned a level 2 spell: Ensorcelled Hibernation
  1385 | D:2      | Reached skill level 1 in Shields
  1404 | D:1      | HP: 1/21 [poisoned by an adder]
  1407 | D:1      | Succumbed to an adder's poison

Levels and vault maps discovered:
D:1:      wander_arrival_chamber, layout_basic, hangedman_decor_growths
D:2:      layout_rooms, first_ration

Skill      XL: |  1  2  3 |
---------------+----------+-----
Stealth        | 5 |  5.2
Shields        | 1 |  1.3
Short Blades   | |  1.0
Dodging        | |  2.0
Spellcasting   | |  2.4
Hexes          | |  3.0

Action                   || total
-------------------------++-------
Melee: Dagger            ||    56
       Constrict         ||    11
       Tentacles         ||     7
  Use: Scroll            ||     1
       Potion            ||     1
 Stab: Sleeping          ||    12
  Eat: Chunk             ||     1
Armor: Skin              ||     2
Dodge: Dodged            ||    29
Block: Buckler           ||     2
